 Dungeon Crawl Stone Soup version 0.25-a0-50-gf0389da217 (webtiles) character file.

Game seed: 5200891962039890378, levelgen mode: deterministic

507604 Napalmbreeze the Slayer (level 23, -3/209 HPs)
             Began as a Demonspawn Monk on Oct 24, 2019.
             Was the Champion of Yredelemnul.
             Killed from afar by a shadow dragon (26 damage)
             ... with a bolt of negative energy
             ... on level 2 of the Realm of Zot.
             The game lasted 03:05:13 (51197 turns).

Napalmbreeze the Slayer (Demonspawn Monk)          Turns: 51197, Time: 03:05:14

Health: -3/209     AC: 24    Str: 30    XL:     23   Next: 87%
Magic:  46/46      EV: 19    Int: 10    God:    Yredelemnul [******]
Gold:   5732       SH:  6    Dex: 25    Spells: 22/22 levels left

rFire    + . .     SeeInvis +   M - +7 glaive of Suicidal Tendencies {vamp, *Slow Dex+6 Stlth+}
rCold    + + .     Gourm    .   (shield currently unavailable)
rNeg     + . .     Faith    .   X - +5 chain mail of Entitlement {MR++}
rPois    +         Spirit   .   B - +1 hat of Goetrisai {Regen+ SInv}
rElec    +         Reflect  +   n - +2 cloak {+Inv}
rCorr    +         Harm     .   E - +0 pair of gloves of Ygicog {rElec rC+ MP+9 Int-5}
MR       +++..                  (boots unavailable)
Stlth    +++.......             H - +6 amulet of reflection (curse)
HPRegen  0.84/turn              A - +4 ring of slaying
MPRegen  0.30/turn              V - +6 ring of strength

@: mighty, resistant, flying, wreathed by umbra, heavily drained
A: talons 3, thin skeletal structure 3, clumsy 1, negative energy resistance 1,
powered by pain 3, spiny 3, 50% torment resistance
}: 3/15 runes: barnacled, silver, gossamer
a: Recall Undead Slaves, Injury Mirror, Animate Dead, Drain Life, Enslave Soul,
Renounce Religion, Evoke Invisibility


You were on level 2 of the Realm of Zot.
You worshipped Yredelemnul.
Yredelemnul was exalted by your worship.
You were not hungry.

You visited 10 branches of the dungeon, and saw 47 of its levels.
You visited 1 bazaar.
You visited 1 ziggurat, and saw 1 of its levels.
You also visited: Bailey.

You collected 7968 gold pieces.
You spent 2236 gold pieces at shops.

Inventory:

Hand Weapons
 a - the +1 glaive "Gulit" {freeze, rPois rF+++ MP-9 Int-5}
   (You found it on level 1 of the Spider Nest)

   It has been specially enchanted to freeze those struck by it, causing extra
   injury to most foes and up to half again as much damage against particularly
   susceptible opponents.
   It can also slow down cold-blooded creatures.
   It affects your intelligence (-5).
   It renders you almost immune to fire.
   It protects you from poison.
   It affects your magic capacity (-9).
 M - the +7 glaive of Suicidal Tendencies (weapon) {vamp, *Slow Dex+6 Stlth+}
   (You bought it in a shop on level 2 of the Orcish Mines)

   It inflicts no extra harm, but heals its wielder when it wounds a living foe.
   It affects your dexterity (+6).
   It may slow you when you take damage.
   It makes you more stealthy.
Armour
 n - a +2 cloak of invisibility (worn)
 B - the +1 hat of Goetrisai (worn) {Regen+ SInv}
   (You acquired it on level 2 of the Elven Halls)

   It lets you see invisible.
   It increases your rate of regeneration.
 E - the +0 pair of gloves of Ygicog (worn) {rElec rC+ MP+9 Int-5}
   (You acquired it on level 2 of the Elven Halls)

   It affects your intelligence (-5).
   It protects you from cold.
   It insulates you from electricity.
   It affects your magic capacity (+9).
 J - a +2 pair of gloves
 X - the +5 chain mail of Entitlement (worn) {MR++}
   (You found it on level 2 of the Lair of Beasts)

   It affects your resistance to hostile enchantments.
Jewellery
 j - the amulet "Kuki" {rC+++ MR- Regen+ Str+5 Int-3}
   (You took it off a rakshasa on level 1 of the Depths)

   [amulet of regeneration]

   It affects your strength (+5).
   It affects your intelligence (-3).
   It renders you almost immune to cold.
   It affects your resistance to hostile enchantments.
   It increases your rate of regeneration.
 t - the ring "Ytyxiej" {+Fly rElec MR+ Int-5 Slay+3}
   (You found it on level 2 of the Depths)

   [ring of flight]

   It affects your intelligence (-5).
   It affects your accuracy and damage with ranged weapons and melee attacks
   (+3).
   It insulates you from electricity.
   It affects your resistance to hostile enchantments.
   It lets you fly.
 y - an uncursed ring of positive energy
 A - a +4 ring of slaying (left hand)
 C - an uncursed ring of flight
 H - a cursed +6 amulet of reflection (around neck)
 V - a +6 ring of strength (right hand)
Wands
 h - a wand of flame (25)
 k - a wand of digging (20)
 m - a wand of disintegration (50)
 r - a wand of iceblast (57)
 I - a wand of clouds (13)
 N - a wand of acid (17)
 Q - a wand of polymorph (15)
Scrolls
 b - 8 scrolls of blinking
 d - 11 scrolls of fog
 e - 7 scrolls of fear
 f - 26 scrolls of remove curse
 o - a scroll of enchant weapon
 p - 14 scrolls of identify
 v - 15 scrolls of teleportation
 z - 4 scrolls of enchant armour
 G - 6 scrolls of magic mapping
 L - a scroll of silence
Potions
 g - 18 potions of curing
 i - a potion of invisibility
 l - 8 potions of might
 q - 9 potions of brilliance
 s - 9 potions of berserk rage
 u - 11 potions of heal wounds
 w - 5 potions of agility
 x - 12 potions of haste
 F - a potion of mutation {unknown}
 K - 3 potions of flight
 P - a potion of resistance
 R - 2 potions of cancellation
 S - 6 potions of magic
 T - 8 potions of lignification
 W - 3 potions of ambrosia
Miscellaneous
 O - 2 phantom mirrors
 U - 3 boxes of beasts
Comestibles
 c - 92 rations
 D - 8 chunks of flesh


   Skills:
 * Level 24.0(21.8) Fighting
 - Level 20.0(18.0) Polearms
 + Level 16.5(14.6) Armour
 + Level 12.5(10.8) Dodging
 - Level 1.8(0.5) Stealth
 - Level 20.0(18.0) Invocations


You had 22 spell levels left.
You didn't know any spells.
Your spell library contained the following spells:

 Spells                   Type           Power        Failure   Level  Hunger
 Animate Skeleton         Necr           N/A          77%         1    ##.....
 Apportation              Tloc           #.....       77%         1    ##.....
 Confusing Touch          Hex            #.....       77%         1    ##.....
 Corona                   Hex            #......      77%         1    ##.....
 Flame Tongue             Conj/Fire      #....        77%         1    ##.....
 Freeze                   Ice            #...         77%         1    ##.....
 Infusion                 Chrm           #...         77%         1    ##.....
 Magic Dart               Conj           #...         77%         1    ##.....
 Pain                     Necr           #...         77%         1    ##.....
 Shock                    Conj/Air       #...         77%         1    ##.....
 Sting                    Conj/Pois      #...         77%         1    ##.....
 Summon Small Mammal      Summ           #...         77%         1    ##.....
 Blink                    Tloc           N/A          88%         2    ###....
 Call Imp                 Summ           #.......     88%         2    ###....
 Corpse Rot               Necr           N/A          88%         2    ###....
 Ensorcelled Hibernation  Hex/Ice        #.....       88%         2    ###....
 Poisonous Vapours        Pois/Air       #.....       88%         2    ###....
 Searing Ray              Conj           #.....       88%         2    ###....
 Shroud of Golubria       Chrm/Tloc      #.....       88%         2    ###....
 Slow                     Hex            #.......     88%         2    ###....
 Song of Slaying          Chrm           #.......     88%         2    ###....
 Sublimation of Blood     Necr           #.........   88%         2    ###....
 Swiftness                Chrm/Air       #.......     88%         2    ###....
 Throw Flame              Conj/Fire      #.....       88%         2    ###....
 Throw Frost              Conj/Ice       #.....       88%         2    ###....
 Confuse                  Hex            #.......     98%         3    ####...
 Conjure Flame            Conj/Fire      #.......     98%         3    ####...
 Dazzling Spray           Conj/Hex       #.....       98%         3    ####...
 Gell's Gravitas          Tloc           #.........   98%         3    ####...
 Ignite Poison            Fire/Tmut/Pois #.......     98%         3    ####...
 Inner Flame              Hex/Fire       #.......     98%         3    ####...
 Lesser Beckoning         Tloc           #.........   98%         3    ####...
 Mephitic Cloud           Conj/Pois/Air  #.......     98%         3    ####...
 Ozocubu's Armour         Chrm/Ice       #.......     98%         3    ####...
 Portal Projectile        Hex/Tloc       #.....       98%         3    ####...
 Recall                   Summ/Tloc      N/A          98%         3    ####...
 Regeneration             Chrm/Necr      #.........   98%         3    ####...
 Spectral Weapon          Hex/Chrm       #.......     98%         3    ####...
 Static Discharge         Conj/Air       #.......     98%         3    ####...
 Summon Guardian Golem    Hex/Summ       #.......     98%         3    ####...
 Teleport Other           Tloc           #.......     98%         3    ####...
 Tukima's Dance           Hex            #.......     98%         3    ####...
 Vampiric Draining        Necr           #.........   98%         3    ####...
 Airstrike                Air            #.........   100%        4    #####..
 Animate Dead             Necr           N/A          100%        4    #####..
 Cause Fear               Hex            #.........   100%        4    #####..
 Force Lance              Conj/Tloc      #.......     100%        4    #####..
 Fulminant Prism          Conj/Hex       #.........   100%        4    #####..
 Ice Form                 Ice/Tmut       #.......     100%        4    #####..
 Iskenderun's Mystic Bla  Conj           #.......     100%        4    #####..
 Leda's Liquefaction      Hex/Erth       #.........   100%        4    #####..
 Olgreb's Toxic Radiance  Pois           #.......     100%        4    #####..
 Passage of Golubria      Tloc           N/A          100%        4    #####..
 Petrify                  Tmut/Erth      #.......     100%        4    #####..
 Sticky Flame             Conj/Fire      #.......     100%        4    #####..
 Summon Ice Beast         Ice/Summ       #.......     100%        4    #####..
 Throw Icicle             Conj/Ice       #.......     100%        4    #####..
 Agony                    Necr           #.......     100%        5    ######.
 Aura of Abjuration       Summ           #.........   100%        5    ######.
 Bolt of Draining         Conj/Necr      #.........   100%        5    ######.
 Dispel Undead            Necr           #.......     100%        5    ######.
 Excruciating Wounds      Chrm/Necr      #.........   100%        5    ######.
 Fireball                 Conj/Fire      #.........   100%        5    ######.
 Irradiate                Conj/Tmut      #.........   100%        5    ######.
 Lightning Bolt           Conj/Air       #.........   100%        5    ######.
 Metabolic Englaciation   Hex/Ice        #.........   100%        5    ######.
 Summon Demon             Summ           #.........   100%        5    ######.
 Summon Forest            Summ/Tloc      #.........   100%        5    ######.
 Summon Mana Viper        Hex/Summ       #.......     100%        5    ######.
 Venom Bolt               Conj/Pois      #.........   100%        5    ######.
 Yara's Violent Unravell  Hex/Tmut       #.........   100%        5    ######.
 Bolt of Cold             Conj/Ice       #.........   100%        6    #######
 Conjure Ball Lightning   Conj/Air       #.........   100%        6    #######
 Dispersal                Tloc           #.........   100%        6    #######
 Freezing Cloud           Conj/Ice/Air   #.........   100%        6    #######
 Hydra Form               Tmut           #.........   100%        6    #######
 Ozocubu's Refrigeration  Ice            #.........   100%        6    #######
 Shadow Creatures         Summ           N/A          100%        6    #######
 Simulacrum               Ice/Necr       #.........   100%        6    #######
 Statue Form              Tmut/Erth      #........    100%        6    #######
 Dragon Form              Tmut           #.........   100%        7    #######
 Malign Gateway           Summ/Tloc      #.........   100%        7    #######
 Monstrous Menagerie      Summ           #.........   100%        7    #######
 Ring of Flames           Chrm/Fire      #.........   100%        7    #######
 Summon Greater Demon     Summ           #.........   100%        7    #######
 Controlled Blink         Tloc           N/A          100%        8    #######
 Disjunction              Tloc           #.........   100%        8    #######
 Summon Horrible Things   Summ           #.........   100%        8    #######


Dungeon Overview and Level Annotations

Branches:
Dungeon (15/15)            Temple (1/1) D:4            Lair (6/6) D:8
 Shoals (4/4) Lair:2       Spider (4/4) Lair:2        Slime (0/5) Lair:5
    Orc (2/2) D:9             Elf (3/3) Orc:2        Vaults (5/5) D:14
  Crypt (0/3) Vaults:2     Depths (5/5) D:15            Zot (2/5) Depths:5
 Bailey (visited)

Altars:
Ashenzari
Cheibriados
Dithmenos
Elyvilon
Fedhas
Gozag
Hepliaklqana
Kikubaaqudgha
Makhleb
Nemelex Xobeh
Okawaru
Qazlal
Ru
Sif Muna
Trog
Uskayaw
Vehumet
Wu Jian
Xom
Yredelemnul
Zin
The Shining One
Beogh
Jiyva

Shops:
Orc:2 [:*(   Elf:1 *   Elf:2 ?}?   Elf:3 (   Shoals:3 :   Vaults:4 =
Depths:1 %   Depths:4 *(*

Portals:
Hell: Depths:1 Depths:2 Depths:3 Depths:5
Abyss: Depths:1 Depths:5
Pandemonium: Depths:3

Annotations:
D:10 2 transporters, MisterFreud's ghost, journeyman TrHu


Innate Abilities, Weirdness & Mutations

You have claws for feet.
You have an unnaturally thin skeletal structure. (Dex +6, Stealth++)
You resist negative energy. (rN+)
You are powered by pain.
You are completely covered in sharp spines.
You are somewhat able to resist unholy torments (1 in 2 success).
You are clumsy. (Dex -2)


Message History

Your bone dragon tramples the shadow dragon but does no damage.
The orb of fire glows deep purple.
The bolt of fire hits your bone dragon!!
Your bone dragon resists.
The bolt of fire hits you! You resist.
* * * LOW HITPOINT WARNING * * *
The bolt of fire hits your ghost moth zombie!!!
Unknown command.
Unknown command.
Unknown command.
You feel much better.
The orb of fire glows deep purple.
The bolt of fire hits your bone dragon!
Your bone dragon resists.
The bolt of fire hits you!! You resist.
* * * LOW HITPOINT WARNING * * *
The shadow dragon breathes negative energy at you.
The bolt of negative energy hits you!! You partially resist.
You feel drained.
You die...
Your body rises from the dead as a mindless zombie.

##.. .# #...
#.# ..... #..#
.....# ##...#
......# #....#
#.....*##....#
#.....DDA..#
#.....@ZZ.#
#.....Z...#
#.........#
#.........##
#..........##
#.<....###..##
#.^....#
##..##
#...#..#
###.###
...##.#
##..#######


You could see an orb of fire, a shadow dragon, a friendly bone dragon, a
friendly profane servitor, 2 friendly ghost moth zombies and a friendly white
draconian zombie.

Vanquished Creatures
  2 caustic shrikes (Depths:5)
  A golden dragon (Depths:4)
  Jory (Vaults:4)
  2 liches
  3 titans (Vaults:5)
  A deep elf master archer (Depths:5)
  A kraken (Shoals:2)
  2 sphinxes
  2 death cobs (Zot:1)
  Kirke (Lair:4)
  4 shadow dragons (Vaults:5)
  A tengu reaver (Vaults:5)
  Donald (Spider:2)
  4 storm dragons
  8 vault wardens
  7 fire giants
  5 deep elf sorcerers
  3 iron dragons (Vaults:5)
  Aizul (Spider:1)
  3 frost giants
  A ghost moth (shapeshifter) (Vaults:5)
  A draconian shifter (Zot:1)
  A draconian stormcaller (Zot:1)
  A ghost moth (Zot:2)
  A spriggan defender (Depths:5)
  A caustic shrike skeleton (Depths:5)
  12 stone giants
  9 ironheart preservers
  5 entropy weavers
  A draconian annihilator (Depths:5)
  4 vampire knights
  A war gargoyle (Vaults:5)
  8 very ugly things
  3 deep elf elementalists
  2 green draconians (Zot:1)
  2 purple draconians (Zot:1)
  2 deep elf demonologists (Elf:3)
  3 deep elf annihilators
  2 white draconians (Zot:1)
  2 spark wasps
  A dire elephant (Lair:6)
  4 deep elf death magi
  Snorg (D:9)
  An eidolon (Vaults:2)
  2 green deaths (Depths:3)
  6 ettins
  3 merfolk impalers
  A jiangshi (Depths:5)
  5 fire dragons
  4 deep elf high priests
  6 yaktaur captains
  Erolcha (Orc:2)
  5 rakshasas
  3 great orbs of eyes
  6 vault guards
  5 hydras
  11 centaur warriors
  3 ice dragons
  A spriggan air mage (Depths:5)
  12 two-headed ogres
  A satyr (Shoals:3)
  3 deep troll shamans
  3 tengu warriors (Depths:1)
  5 death yaks
  4 ogre magi
  A hell knight (Elf:2)
  2 vampire magi (Depths:5)
  5 deep troll earth magi
  24 dancing weapons
  An orc high priest (Orc:1)
  A spriggan berserker (Depths:5)
  Urug (D:10)
  16 deep elf knights
  2 skeletal warriors (Depths:3)
  2 iron trolls (Depths:2)
  A sea snake (Shoals:4)
  2 large abominations
  3 unseen horrors
  4 glowing orange brains
  16 deep trolls
  A spark wasp zombie (Depths:5)
  4 orc knights
  A small abomination (Depths:5)
  5 harpies
  3 flayed ghosts
  9 deep elf archers
  2 harpies (shapeshifter)
  5 phantasmal warriors
  2 necromancers (Vaults:4)
  4 ironbrand convokers
  4 orb spiders
  11 wolf spiders
  8 fauns
  64 deep elf magi
  2 orc sorcerers
  11 ugly things
  3 centaur zombies
  2 manticores (Shoals:2)
  3 moths of wrath
  A cyclops (Vaults:2)
  4 vault sentinels
  An elephant (Lair:5)
  A water nymph (Shoals:2)
  A merfolk siren (Shoals:3)
  4 black mambas
  2 guardian serpents (Depths:4)
  A torpor snail (Lair:6)
  7 spiny frogs
  A freezing wraith (Vaults:3)
  A rime drake (shapeshifter) (Vaults:1)
  5 rime drakes
  11 yaktaurs
  2 kobold demonologists
  2 komodo dragons
  A komodo dragon (shapeshifter) (Vaults:1)
  2 demonic crawlers (Spider:3)
  2 polar bears (shapeshifter)
  14 jumping spiders
  4 merfolk
  3 trolls
  5 polar bears
  Prince Ribbit (D:7)
  A tyrant leech (Lair:6)
  3 blink frogs
  7 hornets
  A raiju (shapeshifter) (Depths:5)
  4 slime creatures
  A blink frog (shapeshifter) (Depths:1)
  A harpy skeleton (D:15)
  4 hippogriffs
  7 dream sheep
  A dream sheep (shapeshifter) (Vaults:1)
  A stone giant simulacrum (Vaults:3)
  2 air elementals
  24 tarantellas
  6 water elementals
  A tarantella (shapeshifter) (Depths:5)
  2 spriggans
  3 hogs (Lair:4)
  48 redbacks
  35 yaks
  4 fire bats (Depths:1)
  3 wraiths
  3 wyverns
  2 basilisks (shapeshifter)
  2 basilisks
  3 fire elementals
  Grum (D:8)
  10 vampire mosquitoes
  Edmund (D:6)
  A hungry ghost (Shoals:2)
  11 water moccasins
  9 wargs
  A swamp worm (shapeshifter) (Depths:5)
  A deep troll zombie (Vaults:3)
  Duvessa (D:6)
  4 porcupines
  8 hell hounds (Lair:6)
  10 black bears
  21 orc warriors
  2 sky beasts
  5 ice beasts
  8 ogres
  2 phantoms
  A human zombie (Vaults:4)
  26 wolves
  9 boggarts
  6 crocodiles
  16 centaurs
  An elf skeleton (Vaults:4)
  5 big kobolds
  12 bullfrogs
  A gnoll sergeant (D:13)
  2 earth elementals
  3 wyvern skeletons
  Dowan (D:6)
  3 scorpions
  An electric eel (D:9)
  5 howler monkeys
  4 crimson imps
  2 bullfrog zombies
  2 quasits
  8 centaur skeletons
  An iron imp (Depths:3)
  20 orc priests
  4 bullfrog skeletons
  7 hounds
  4 jellies
  14 orc wizards
  3 iguanas
  4 worker ants (Lair:2)
  Natasha (twice) (D:4)
  A killer bee zombie (D:7)
  A hound zombie (D:8)
  12 adders
  A shadow imp (D:5)
  An ooze (D:1)
  An adder skeleton (D:8)
  2 worms
  4 dart slugs
  4 leopard geckos
  71 orcs
  4 giant cockroaches
  6 goblins
  7 hobgoblins
  12 jackals
  8 quokkas
  2 ball pythons (D:2)
  6 bats
  A frilled lizard (D:1)
  A jackal zombie (D:7)
  23 kobolds
  3 rats
  4 plants
  A tentacle (Shoals:2)
1121 creatures vanquished.

Vanquished Creatures (collateral kills)
  An ancient lich (Depths:5)
  Boris (Vaults:5)
  Frederick (Vaults:4)
  2 caustic shrikes (Depths:5)
  A golden dragon (Depths:5)
  Nikola (Shoals:2)
  Arachne (Spider:2)
  Jorgrun (Spider:1)
  Rupert (Spider:1)
  3 liches
  4 tentacled monstrosities
  2 quicksilver dragons
  2 titans (Vaults:5)
  A sphinx (Depths:2)
  A death cob (Zot:2)
  3 deep elf master archers (Elf:3)
  4 shadow dragons
  An ancient champion (Vaults:2)
  5 tengu reavers
  3 storm dragons
  A draconian monk (Zot:1)
  10 fire giants
  5 deep elf sorcerers
  5 ghost moths
  2 orc warlords
  A draconian knight (Zot:1)
  7 frost giants
  2 iron dragons
  A draconian shifter (Zot:2)
  A juggernaut zombie (Depths:5)
  4 deep elf elementalists
  8 vault wardens
  5 emperor scorpions
  7 ironheart preservers
  A draconian stormcaller (Zot:1)
  19 very ugly things
  2 reapers (Depths:3)
  A war gargoyle (Vaults:5)
  11 stone giants
  A red draconian (Zot:2)
  2 deep elf annihilators (Elf:3)
  A large abomination (Elf:3)
  4 entropy weavers
  Azrael (Orc:2)
  2 deep elf demonologists
  A yellow draconian (Zot:2)
  A black draconian (Zot:2)
  A white draconian (Zot:2)
  3 spark wasps
  4 purple draconians (Zot:1)
  2 green deaths (Depths:3)
  2 merfolk javelineers (Shoals:4)
  3 deep elf death magi (Elf:3)
  9 ettins
  7 fire dragons
  7 merfolk impalers
  7 yaktaur captains
  3 deep elf high priests
  7 rakshasas
  11 ice dragons
  4 hydras
  The ghost of emiel the Cleaver, a journeyman FoBe of Trog (Orc:2)
  25 vault guards
  6 centaur warriors
  4 ogre magi
  7 merfolk aquamancers
  14 two-headed ogres
  Erica (D:11)
  4 dancing weapons
  2 death knights
  2 alligator snapping turtles
  4 deep troll shamans
  3 tengu warriors
  8 deep troll earth magi
  3 death yaks
  3 merfolk avatars
  7 satyrs
  3 orc high priests (Orc:2)
  A vampire mage (Vaults:2)
  Sonja (Lair:4)
  18 deep elf knights
  A soul eater (Vaults:2)
  A hell knight (Depths:5)
  A fire crab (shapeshifter) (Depths:5)
  6 skeletal warriors (Depths:3)
  A salamander mystic (Depths:4)
  9 sea snakes
  An unseen horror (D:14)
  23 deep trolls
  A glowing orange brain (Depths:5)
  6 flayed ghosts
  4 wizards
  9 deep elf archers
  A lindwurm (Lair:6)
  A lindwurm (shapeshifter) (Depths:5)
  An orange crystal statue (Depths:1)
  17 orc knights
  2 wolf spider zombies
  19 orb spiders
  An ugly thing zombie (Depths:1)
  8 harpies
  8 ironbrand convokers
  5 phantasmal warriors
  4 orc sorcerers
  30 wolf spiders
  30 fauns
  6 cyclopes
  A necromancer (Vaults:3)
  6 oklob plants
  21 ugly things
  31 deep elf magi
  2 salamanders (shapeshifter)
  A stone giant zombie (Depths:1)
  5 salamanders
  4 moths of wrath
  11 manticores
  6 merfolk sirens
  3 black mambas
  5 elephants (Lair:5)
  A molten gargoyle (Depths:4)
  7 water nymphs
  A water nymph (shapeshifter) (Vaults:5)
  9 spiny frogs
  5 torpor snails
  8 vault sentinels
  A fire giant skeleton (Vaults:3)
  3 centaur skeletons
  3 rime drakes
  A kobold demonologist (D:12)
  A komodo dragon (shapeshifter) (Vaults:5)
  A komodo dragon (Lair:4)
  2 freezing wraiths
  16 yaktaurs
  2 tengu conjurers
  A yaktaur skeleton (Vaults:4)
  8 demonic crawlers
  6 polar bears (Lair:6)
  2 trolls
  33 merfolk
  3 tyrant leeches (Lair:6)
  2 wind drakes
  22 jumping spiders
  13 hornets
  5 blink frogs
  11 snapping turtles
  9 slime creatures
  A fire dragon zombie (Depths:2)
  22 dream sheep
  Sigmund (D:3)
  5 hippogriffs
  6 spriggans
  A stone giant simulacrum (Vaults:4)
  The ghost of anet the Magician, an amateur DEWz (D:3)
  An air elemental (Elf:1)
  62 redbacks
  6 wraiths
  A wyvern (D:15)
  3 vampires
  15 water elementals
  37 tarantellas
  3 fire elementals (Orc:2)
  A yak (shapeshifter) (Depths:5)
  A basilisk (Lair:4)
  33 yaks
  2 hogs (Lair:4)
  3 fire bats (Depths:1)
  5 vampire mosquitoes
  A hungry ghost (D:7)
  8 wargs
  9 hell hounds
  A soldier ant (D:13)
  A floating eye (Depths:2)
  3 water moccasins
  30 orc warriors
  3 porcupines
  A sky beast (shapeshifter) (Depths:5)
  2 eyes of draining (shapeshifter)
  11 ogres
  4 black bears
  An eye of draining (D:13)
  12 boggarts
  An elf zombie (Vaults:4)
  A necrophage (D:12)
  13 centaurs
  4 crocodiles
  An elf skeleton (Vaults:4)
  12 wolves
  5 big kobolds
  2 bullfrogs
  2 earth elementals (Elf:3)
  A human skeleton (Vaults:3)
  A scorpion (D:7)
  A human simulacrum (Vaults:3)
  2 howler monkeys (D:13)
  An electric eel (Lair:1)
  A jelly (D:13)
  2 bullfrog zombies (D:13)
  11 orc priests
  13 orc wizards
  A bullfrog skeleton (D:12)
  An iguana (D:7)
  2 worker ants
  A hound zombie (D:7)
  4 gnolls (D:13)
  A leopard gecko (D:7)
  62 orcs
  A giant cockroach (D:5)
  8 kobolds
  3 bushes (Shoals:3)
  24 fungi
  122 plants
  3 tentacles (Shoals:2)
1404 creatures vanquished.

Vanquished Creatures (others)
  A profane servitor (Depths:5)
  2 bone dragons (Vaults:5)
  A deep elf blademaster (Elf:3)
  A sphinx (Vaults:5)
  A fire giant (Vaults:4)
  A shadow dragon (Zot:1)
  A spectral angel (Zot:2)
  A caustic shrike zombie (Depths:5)
  A draconian stormcaller (Zot:1)
  7 ghouls
  A spectral rakshasa (Vaults:5)
  9 vampire knights
  A stone giant (Vaults:5)
  A spark wasp (Depths:1)
  2 very ugly thing zombies
  A large abomination (Vaults:5)
  A green death (Depths:3)
  A yaktaur captain (Vaults:5)
  A merfolk aquamancer (Shoals:4)
  A deep troll shaman (Depths:2)
  A vampire mage (Depths:2)
  2 deep elf knights
  An iron troll (Depths:2)
  13 skeletal warriors
  A hell knight (Depths:5)
  9 flayed ghosts
  A glowing orange brain (Depths:2)
  A shadow dragon zombie (Vaults:5)
  13 phantasmal warriors
  2 ugly thing zombies
  A stone giant zombie (Depths:5)
  2 wolf spider zombies
  A purple draconian zombie (Zot:1)
  4 yaktaurs
  A ghoul skeleton (Orc:2)
  8 redback zombies
  A harpy zombie (Shoals:1)
  An ice dragon zombie (Depths:5)
  4 ettin zombies
  4 tarantella zombies
  An ice dragon skeleton (Depths:5)
  A satyr zombie (Shoals:4)
  7 flying skulls
  3 vampires
  A black mamba zombie (Lair:5)
  A wind drake zombie (Shoals:4)
  A wraith (Lair:4)
  7 deep troll zombies
  5 two-headed ogre zombies
  3 merfolk zombies
  2 water nymph zombies (Shoals:4)
  2 spiny frog zombies
  12 elf zombies
  A dream sheep zombie (Shoals:4)
  A manticore zombie (Shoals:4)
  A boggart (Vaults:2)
  2 elf skeletons (Elf:3)
  4 hog zombies (Lair:4)
  A blink frog skeleton (Lair:5)
  3 vampire mosquito zombies
  A dream sheep skeleton (Shoals:1)
  6 human zombies
  10 hell hound zombies
  6 yaktaur zombies
  2 water moccasin zombies
  2 yak zombies
  A polar bear skeleton (Lair:6)
  3 polar bear zombies (Lair:6)
  A spriggan zombie (D:7)
  4 wights
  3 yak skeletons
  7 wolf zombies
  2 centaur zombies
  A wolf skeleton (Lair:6)
  2 bullfrog zombies
  2 black bear zombies (Lair:6)
  2 human skeletons
  A porcupine zombie (Lair:5)
  A sky beast zombie (D:11)
  A big kobold zombie (D:8)
  2 crocodile zombies (Lair:6)
  5 ogre zombies
  2 hound zombies (D:6)
  A scorpion zombie (D:11)
  An iguana skeleton (D:9)
  13 orc skeletons
  A giant cockroach zombie (D:5)
  2 jackal skeletons (D:5)
  7 kobold zombies
  27 orc zombies
  3 crawling corpses (Vaults:5)
  12 fungi
  66 plants
  5 tentacles (Shoals:2)
371 creatures vanquished.

Grand Total: 2896 creatures vanquished

Notes
Turn   | Place    | Note
-------+----------+-------------------------------------------
     0 | D:1      | Napalmbreeze the Demonspawn Monk began the quest for the
                  | Orb.
     0 | D:1      | Reached XP level 1. HP: 18/18 MP: 1/1
   208 | D:1      | Gained mutation: You are partially covered in sharp spines.
                  | [demonic ancestry]
   208 | D:1      | Reached XP level 2. HP: 24/24 MP: 2/2
  1043 | D:2      | Reached XP level 3. HP: 23/29 MP: 3/3
  1194 | D:2      | Found a snail-covered altar of Cheibriados.
  1461 | D:2      | Reached skill level 1 in Armour
  1461 | D:2      | Gained mutation: You sometimes gain a little power by
                  | taking damage. [demonic ancestry]
  1461 | D:2      | Reached XP level 4. HP: 21/37 MP: 4/4
  1661 | D:2      | Found a shadowy altar of Dithmenos.
  1695 | D:2      | Reached skill level 4 in Fighting
  2301 | D:3      | Gained mutation: You have sharp toenails. [demonic
                  | ancestry]
  2301 | D:3      | Reached XP level 5. HP: 40/42 MP: 5/5
  2531 | D:3      | Noticed Sigmund
  2588 | D:3      | Found a radiant altar of Vehumet.
  2807 | D:3      | Found a runed translucent gate.
  2807 | D:3      | Found a runed translucent gate.
  2807 | D:3      | Found a runed translucent gate.
  2808 | D:3      | Noticed anet's ghost (amateur DEWz)
  3056 | D:4      | Noticed Natasha
  3173 | D:4      | Killed Natasha
  3281 | D:4      | Noticed a phantom
  3308 | D:4      | Killed a phantom
  3308 | D:4      | Reached XP level 6. HP: 21/50 MP: 6/6
  3576 | D:4      | Found a bloodstained altar of Trog.
  3672 | D:4      | Noticed Natasha
  3683 | D:4      | Killed Natasha
  3799 | D:4      | Reached skill level 5 in Fighting
  3805 | D:4      | Found a staircase to the Ecumenical Temple.
  3814 | Temple   | Entered the Ecumenical Temple
  4000 | Temple   | Became a worshipper of Yredelemnul the Dark
  4000 | Temple   | Reached * piety under Yredelemnul
  4000 | Temple   | Reached ** piety under Yredelemnul
  4269 | D:5      | Entered Level 5 of the Dungeon
  4502 | D:5      | Noticed an ice beast
  4556 | D:5      | Killed an ice beast
  4699 | D:5      | Reached XP level 7. HP: 56/56 MP: 7/7
  4797 | D:5      | Found a glowing silver altar of Zin.
  5569 | D:6      | Reached skill level 5 in Polearms
  5640 | D:6      | Found a hide-covered altar of Uskayaw.
  5651 | D:6      | Reached skill level 5 in Dodging
  5688 | D:6      | Gained mutation: You have a somewhat thin skeletal
                  | structure. (Dex +2, Stealth) [demonic ancestry]
  5688 | D:6      | Reached XP level 8. HP: 55/62 MP: 8/8
  5821 | D:6      | Reached skill level 6 in Fighting
  5875 | D:6      | Noticed Edmund
  5881 | D:6      | Killed Edmund
  5881 | D:6      | Reached *** piety under Yredelemnul
  5948 | D:6      | Found a stormy altar of Qazlal.
  6024 | D:6      | Noticed Dowan
  6025 | D:6      | Noticed Duvessa
  6044 | D:6      | Killed Duvessa
  6044 | D:6      | Reached skill level 7 in Fighting
  6045 | D:6      | Killed Dowan
  6233 | D:6      | Reached skill level 8 in Fighting
  6625 | D:7      | Gained mutation: You sometimes gain power by taking damage.
                  | [demonic ancestry]
  6625 | D:7      | Reached XP level 9. HP: 72/75 MP: 9/9
  6704 | D:7      | Noticed Prince Ribbit
  6712 | D:7      | Killed Prince Ribbit
  6712 | D:7      | Reached skill level 9 in Fighting
  6837 | D:7      | Found an iron altar of Okawaru.
  7049 | D:8      | Found an ancient bone altar of Kikubaaqudgha.
  7262 | D:8      | Reached skill level 1 in Invocations
  7289 | D:8      | Noticed Grum
  7305 | D:8      | Killed Grum
  7305 | D:8      | Reached **** piety under Yredelemnul
  7319 | D:8      | Found a staircase to the Lair.
  7959 | D:9      | Reached skill level 10 in Fighting
  7959 | D:9      | Gained mutation: You have razor-sharp toenails. [demonic
                  | ancestry]
  7959 | D:9      | Reached XP level 10. HP: 84/85 MP: 13/13
  7972 | D:9      | Reached skill level 5 in Invocations
  8190 | D:9      | Found a staircase to the Orcish Mines.
  8198 | D:9      | Received a gift from Yredelemnul (a wight)
  9045 | D:9      | Received a gift from Yredelemnul (a wight)
  9502 | D:3      | Killed Sigmund
  9525 | D:3      | Killed anet's ghost
  9679 | D:10     | Entered Level 10 of the Dungeon
  9679 | D:10     | Noticed a purple ugly thing
  9711 | D:10     | Noticed a two-headed ogre
  9711 | D:10     | Noticed a two-headed ogre
  9724 | D:9      | Killed a two-headed ogre
  9882 | D:9      | Killed a two-headed ogre
  9895 | D:10     | Noticed Urug
 10245 | D:10     | Killed Urug
 10531 | D:10     | Noticed a two-headed ogre
 10553 | D:9      | Killed a purple ugly thing
 10697 | D:10     | Gained mutation: You have a moderately thin skeletal
                  | structure. (Dex +4, Stealth+) [demonic ancestry]
 10697 | D:10     | Reached XP level 11. HP: 90/90 MP: 18/18
 10704 | D:10     | Killed a two-headed ogre
 10715 | D:10     | Noticed Snorg
 10776 | D:9      | Killed Snorg
 10776 | D:9      | Reached skill level 10 in Invocations
 10990 | D:10     | Reached skill level 10 in Polearms
 11057 | D:10     | Found a transporter.
 11065 | D:10     | Noticed MisterFreud's ghost (journeyman TrHu)
 11077 | D:10     | Found a transporter.
 11551 | D:11     | Reached ***** piety under Yredelemnul
 11622 | D:11     | Noticed Erica
 11631 | D:11     | Killed Erica
 12179 | Lair:1   | Entered Level 1 of the Lair of Beasts
 12258 | Lair:1   | Received a gift from Yredelemnul (3 flying skulls)
 12265 | Lair:1   | Reached XP level 12. HP: 66/97 MP: 4/19
 12576 | Lair:1   | Found the +7 captain's cutlass {speed, disarm}
 13343 | Lair:2   | Found a hole to the Spider Nest.
 13362 | Lair:2   | Got a transparent chain mail
 13418 | Lair:2   | Identified the +5 chain mail of Entitlement {MR++} (You
                  | found it on level 2 of the Lair of Beasts)
 13443 | Lair:2   | Found a staircase to the Shoals.
 13469 | Lair:2   | Received a gift from Yredelemnul (a wraith)
 13476 | Lair:2   | Reached skill level 5 in Armour
 14236 | Lair:3   | Received a gift from Yredelemnul (a wight)
 15123 | Lair:4   | Noticed a death yak
 15124 | Lair:4   | Noticed a death yak
 15128 | Lair:4   | Noticed a death yak
 15129 | Lair:4   | Noticed a death yak
 15129 | Lair:4   | Noticed a death yak
 15134 | Lair:4   | Killed a death yak
 15148 | Lair:3   | Killed a death yak
 15150 | Lair:3   | Killed a death yak
 15371 | Lair:3   | Killed a death yak
 15373 | Lair:3   | Killed a death yak
 15592 | Lair:4   | Noticed Kirke
 15608 | Lair:4   | Killed Kirke
 15608 | Lair:4   | Reached XP level 13. HP: 96/103 MP: 18/20
 15631 | Lair:4   | Noticed Sonja
 15651 | Lair:4   | Killed Sonja
 16025 | Lair:4   | Received a gift from Yredelemnul (2 flying skulls)
 16427 | Lair:5   | Received a gift from Yredelemnul (a wight)
 16444 | Lair:5   | Got a flickering golden ring
 16446 | Lair:5   | Identified the ring of Dud Quij {rElec Stlth+} (You found
                  | it on level 5 of the Lair of Beasts)
 16742 | Lair:5   | Reached skill level 11 in Fighting
 16777 | Lair:5   | Found a staircase to the Slime Pits.
 16778 | Lair:5   | Found a viscous altar of Jiyva.
 16934 | Lair:5   | Reached ****** piety under Yredelemnul
 16975 | Lair:5   | Found a snail-covered altar of Cheibriados.
 17275 | Lair:5   | Received a gift from Yredelemnul (2 flying skulls)
 17557 | Lair:6   | Entered Level 6 of the Lair of Beasts
 17693 | Lair:6   | Noticed a dire elephant
 17717 | Lair:6   | Killed a dire elephant
 17726 | Lair:6   | Received a gift from Yredelemnul (a phantasmal warrior)
 18056 | Lair:6   | Reached XP level 14. HP: 101/114 MP: 18/21
 18396 | Lair:6   | Reached skill level 12 in Fighting
 18466 | Lair:6   | Received a gift from Yredelemnul (a phantasmal warrior)
 18563 | Lair:6   | Reached skill level 10 in Armour
 18851 | Lair:6   | Received a gift from Yredelemnul (a skeletal warrior)
 18858 | Lair:6   | Found a runed translucent door.
 19025 | Lair:6   | Received a gift from Yredelemnul (a phantasmal warrior)
 19605 | D:12     | Reached skill level 13 in Fighting
 19685 | D:12     | Received a gift from Yredelemnul (a flayed ghost)
 20107 | D:12     | Received a gift from Yredelemnul (a skeletal warrior)
 20442 | D:13     | Received a gift from Yredelemnul (a skeletal warrior)
 20834 | D:13     | Received a gift from Yredelemnul (a skeletal warrior)
 21170 | D:14     | Reached skill level 14 in Fighting
 21298 | D:14     | Found a flagged portal.
 21348 | Bailey   | Entered a bailey
 21573 | Bailey   | Identified the Guide on Flames and Calling
 21752 | D:14     | Gained mutation: You have claws for feet. [demonic
                  | ancestry]
 21752 | D:14     | Reached XP level 15. HP: 116/127 MP: 24/24
 22007 | D:14     | Found a gate to the Vaults.
 22461 | D:15     | Entered Level 15 of the Dungeon
 22468 | D:15     | Received a gift from Yredelemnul (a bone dragon)
 22559 | D:15     | Received a gift from Yredelemnul (a skeletal warrior)
 22915 | D:15     | Reached skill level 15 in Fighting
 22973 | D:15     | Found a staircase to the Depths.
 22981 | D:15     | Received a gift from Yredelemnul (a skeletal warrior)
 23599 | Orc:1    | Entered Level 1 of the Orcish Mines
 23746 | Orc:1    | Found a roughly hewn altar of Beogh.
 23970 | Orc:2    | Entered Level 2 of the Orcish Mines
 23975 | Orc:2    | Found Xaefor's General Store.
 23977 | Orc:2    | Noticed Azrael
 23986 | Orc:2    | Received a gift from Yredelemnul (a ghoul)
 23993 | Orc:2    | Killed Azrael
 24014 | Orc:2    | Received a gift from Yredelemnul (a vampire knight)
 24055 | Orc:2    | Received a gift from Yredelemnul (a flayed ghost)
 24104 | Orc:2    | Found Wangyiku's Antique Weapon Boutique.
 24113 | Orc:2    | Bought an ancient glaive for 333 gold pieces
 24113 | Orc:2    | Identified the +7 glaive of Suicidal Tendencies {vamp,
                  | *Slow Dex+6 Stlth+} (You bought it in a shop on level 2 of
                  | the Orcish Mines)
 24149 | Orc:2    | Found a staircase to the Elven Halls.
 24244 | Orc:2    | Found a roughly hewn altar of Beogh.
 24258 | Orc:2    | Noticed Erolcha
 24262 | Orc:2    | Found a runed translucent gate.
 24265 | Orc:2    | Killed Erolcha
 24268 | Orc:2    | Found a runed translucent gate.
 24276 | Orc:2    | Found a runed translucent gate.
 24276 | Orc:2    | Noticed emiel's ghost (journeyman FoBe)
 24279 | Orc:2    | Identified the +5 great mace of Wu Jian's Pride {flame, rC+
                  | MR+}
 24281 | Orc:2    | Found a roughly hewn altar of Beogh.
 24289 | Orc:2    | Noticed an orc warlord
 24300 | Orc:2    | Killed an orc warlord
 24330 | Orc:2    | Killed emiel's ghost
 24388 | Orc:2    | Found Oqien's Antique Armour Emporium.
 24740 | Orc:2    | Found Kihunnoi's Book Shop.
 25153 | Spider:1 | Entered Level 1 of the Spider Nest
 25305 | Spider:1 | Killed Rupert
 25429 | Spider:1 | Reached skill level 15 in Invocations
 25515 | Spider:1 | Noticed Aizul
 25526 | Spider:1 | Killed Aizul
 25855 | Spider:1 | Received a gift from Yredelemnul (a flayed ghost)
 25860 | Spider:1 | Noticed Jorgrun
 25865 | Spider:1 | Killed Jorgrun
 25867 | Spider:1 | Gained mutation: You are mostly covered in sharp spines.
                  | [demonic ancestry]
 25867 | Spider:1 | Reached XP level 16. HP: 110/138 MP: 27/27
 25892 | Spider:1 | Reached skill level 16 in Fighting
 25894 | Spider:1 | Received a gift from Yredelemnul (a vampire knight)
 26020 | Spider:1 | Got a faintly glowing glaive
 26030 | Spider:1 | Identified the cursed +1 glaive "Gulit" {freeze, rPois
                  | rF+++ MP-9 Int-5} (You found it on level 1 of the Spider
                  | Nest)
 26422 | Spider:2 | Reached skill level 15 in Polearms
 26658 | Spider:2 | Noticed Donald
 26666 | Spider:2 | Received a gift from Yredelemnul (a phantasmal warrior)
 26676 | Spider:2 | Killed Donald
 26883 | Spider:2 | Noticed Arachne
 26894 | Spider:2 | Killed Arachne
 26898 | Spider:2 | Received a gift from Yredelemnul (a vampire knight)
 27608 | Spider:3 | Received a gift from Yredelemnul (a vampire knight)
 27719 | Spider:3 | Received a gift from Yredelemnul (a skeletal warrior)
 27825 | Spider:3 | Received a gift from Yredelemnul (a phantasmal warrior)
 28076 | Spider:3 | Received a gift from Yredelemnul (a profane servitor)
 28122 | Spider:3 | Received a gift from Yredelemnul (a bone dragon)
 29018 | Spider:4 | Entered Level 4 of the Spider Nest
 29056 | Spider:4 | Received a gift from Yredelemnul (a ghoul)
 29064 | Spider:4 | Received a gift from Yredelemnul (a phantasmal warrior)
 30437 | Spider:4 | Gained mutation: You resist negative energy. (rN+) [demonic
                  | ancestry]
 30437 | Spider:4 | Reached XP level 17. HP: 144/144 MP: 25/28
 30443 | Spider:4 | Received a gift from Yredelemnul (a skeletal warrior)
 30636 | Spider:4 | Received a gift from Yredelemnul (a vampire)
 30661 | Spider:4 | Got a gossamer rune of Zot
 30953 | Shoals:1 | Entered Level 1 of the Shoals
 30990 | Shoals:1 | Received a gift from Yredelemnul (a phantasmal warrior)
 31679 | Shoals:2 | Received a gift from Yredelemnul (a ghoul)
 31699 | Shoals:2 | Noticed Nikola
 31708 | Shoals:2 | Killed Nikola
 32104 | Shoals:2 | Noticed a kraken
 32116 | Shoals:2 | Killed a kraken
 32380 | Shoals:3 | Received a gift from Yredelemnul (a vampire)
 32474 | Shoals:3 | Found Woludas's Book Shop.
 32513 | Shoals:3 | Received a gift from Yredelemnul (a phantasmal warrior)
 33146 | Shoals:4 | Entered Level 4 of the Shoals
 33154 | Shoals:4 | Received a gift from Yredelemnul (a phantasmal warrior)
 33203 | Shoals:4 | Received a gift from Yredelemnul (a flayed ghost)
 33219 | Shoals:4 | Got a barnacled rune of Zot
 33275 | Shoals:4 | Received a gift from Yredelemnul (a phantasmal warrior)
 33441 | Shoals:4 | Reached XP level 18. HP: 149/151 MP: 29/29
 33446 | Shoals:4 | Identified the +7 flail of Kismet {speed, *Rage rC++ Int+3}
 34120 | Vaults:1 | Entered Level 1 of the Vaults
 34207 | Vaults:1 | Received a gift from Yredelemnul (a phantasmal warrior)
 34261 | Vaults:1 | Found a flickering gateway to a bazaar.
 34270 | Bazaar   | Entered a bazaar
 34274 | Bazaar   | Found Suczadom's Jewellery Shoppe.
 34282 | Bazaar   | Found Fanip's Magic Scroll Shoppe.
 34290 | Bazaar   | Bought a scroll of identify for 24 gold pieces
 34290 | Bazaar   | Bought a scroll of identify for 24 gold pieces
 34290 | Bazaar   | Bought a scroll of identify for 24 gold pieces
 34290 | Bazaar   | Bought a scroll of enchant armour for 90 gold pieces
 34293 | Bazaar   | Found Loptyzots's Antique Weapon Boutique.
 34304 | Bazaar   | Found Jutosiku's Antique Armour Emporium.
 34305 | Bazaar   | Found Ikob Paa's General Store.
 34320 | Bazaar   | Bought a +4 ring of slaying for 702 gold pieces
 34363 | Vaults:1 | Received a gift from Yredelemnul (a flayed ghost)
 34559 | Vaults:1 | Received a gift from Yredelemnul (a ghoul)
 35604 | Vaults:2 | Noticed Mara
 35610 | Vaults:2 | Noticed Napalmbreeze's illusion
 35617 | Vaults:2 | Killed Mara
 35617 | Vaults:2 | Enslaved Mara
 35652 | Vaults:2 | Found a staircase to the Crypt.
 35668 | Vaults:2 | Received a gift from Yredelemnul (a vampire knight)
 36084 | Vaults:2 | Reached skill level 15 in Armour
 36223 | Vaults:2 | Received a gift from Yredelemnul (a skeletal warrior)
 37092 | Vaults:3 | Received a gift from Yredelemnul (a skeletal warrior)
 37248 | Vaults:3 | Gained mutation: You have an unnaturally thin skeletal
                  | structure. (Dex +6, Stealth++) [demonic ancestry]
 37248 | Vaults:3 | Reached XP level 19. HP: 147/157 MP: 23/30
 37307 | Vaults:3 | Received a gift from Yredelemnul (a skeletal warrior)
 37494 | Vaults:3 | Received a gift from Yredelemnul (a skeletal warrior)
 37720 | Vaults:3 | Received a gift from Yredelemnul (a phantasmal warrior)
 38470 | Vaults:4 | Found Juorucku's Jewellery Shoppe.
 38485 | Vaults:4 | Bought a cursed +6 amulet of reflection for 943 gold pieces
 38668 | Vaults:4 | Received a gift from Yredelemnul (a skeletal warrior)
 38924 | Vaults:4 | Noticed Frederick
 38929 | Vaults:4 | Killed Frederick
 39188 | Vaults:4 | Noticed Jory
 39196 | Vaults:4 | Killed Jory
 39476 | Vaults:4 | Received a gift from Yredelemnul (a vampire)
 39479 | Vaults:4 | Reached skill level 17 in Fighting
 40172 | Elf:1    | Entered Level 1 of the Elven Halls
 40233 | Elf:1    | Received a gift from Yredelemnul (a flayed ghost)
 40615 | Elf:1    | Received a gift from Yredelemnul (a flayed ghost)
 40640 | Elf:1    | Found Yrrum's Mass Market.
 40692 | Elf:1    | Reached XP level 20. HP: 168/168 MP: 32/32
 40815 | Elf:1    | Received a gift from Yredelemnul (a vampire knight)
 41113 | Elf:2    | Found Vygit's Magic Scroll Boutique.
 41160 | Elf:2    | Bought a scroll of identify for 32 gold pieces
 41160 | Elf:2    | Bought a scroll of identify for 32 gold pieces
 41160 | Elf:2    | Bought a scroll of identify for 32 gold pieces
 41163 | Elf:2    | Identified 2 scrolls of acquirement
 41171 | Elf:2    | Got an ichor-stained hat
 41183 | Elf:2    | Identified the +1 hat of Goetrisai {Regen+ SInv} (You
                  | acquired it on level 2 of the Elven Halls)
 41184 | Elf:2    | Got a pair of crude gloves
 41195 | Elf:2    | Identified the +0 pair of gloves of Ygicog {rElec rC+ MP+9
                  | Int-5} (You acquired it on level 2 of the Elven Halls)
 41273 | Elf:2    | Found a runed translucent gate.
 41276 | Elf:2    | Found a runed translucent gate.
 41277 | Elf:2    | Found a runed translucent gate.
 41323 | Elf:2    | Found Famatric's Gadget Boutique.
 41328 | Elf:2    | Received a gift from Yredelemnul (a vampire knight)
 41392 | Elf:2    | Found Coenieni's Magic Scroll Shoppe.
 41516 | Elf:2    | Received a gift from Yredelemnul (a flayed ghost)
 41739 | Elf:2    | Reached skill level 18 in Fighting
 41788 | Elf:2    | Received a gift from Yredelemnul (a ghoul)
 41968 | Elf:3    | Entered Level 3 of the Elven Halls
 42014 | Elf:3    | Received a gift from Yredelemnul (a phantasmal warrior)
 42483 | Elf:3    | Found Tinlir's Antique Weapon Boutique.
 42512 | Elf:3    | Received a gift from Yredelemnul (a vampire knight)
 43104 | Elf:3    | Identified the +1 leather armour of the Ward {Slay+3}
 43155 | Elf:3    | Found the +6 arbalest "Damnation" {damnation}
 43172 | Elf:3    | Found the +7 great mace "Firestarter" {inner flame, rF++}
 43188 | Elf:3    | Got a brightly glowing turquoise ring
 43190 | Elf:3    | Identified the ring of Lugoin {Wiz -Tele rN+ Stlth+} (You
                  | found it on level 3 of the Elven Halls)
 43203 | Elf:3    | Identified the Guide on Cloudy Boosts
 43299 | Elf:3    | Got a brightly glowing plate armour
 43302 | Elf:3    | Identified the cursed +1 plate armour "Botil" {+Fly Slay+3}
                  | (You found it on level 3 of the Elven Halls)
 43313 | Elf:3    | Got a wavering bronze ring
 43314 | Elf:3    | Identified the ring of Doubts {Wiz rElec rF- rN++ Stlth+}
                  | (You found it on level 3 of the Elven Halls)
 43823 | Vaults:5 | Entered Level 5 of the Vaults
 43857 | Vaults:5 | Received a gift from Yredelemnul (a ghoul)
 43884 | Vaults:5 | Gained mutation: You are completely covered in sharp
                  | spines. [demonic ancestry]
 43884 | Vaults:5 | Reached XP level 21. HP: 179/179 MP: 17/34
 43892 | Vaults:5 | Reached skill level 19 in Fighting
 43985 | Vaults:5 | Received a gift from Yredelemnul (a vampire knight)
 43989 | Vaults:5 | Identified the Compendium of Dislocated Flight
 44046 | Vaults:5 | Received a gift from Yredelemnul (a profane servitor)
 44133 | Vaults:5 | Identified Sif Muna's Collected Works on Harmful
                  | Dislocation
 44255 | Vaults:5 | Reached skill level 20 in Fighting
 44324 | Vaults:5 | Your ally Mara died
 44332 | Vaults:5 | Received a gift from Yredelemnul (a skeletal warrior)
 44344 | Vaults:5 | Received a gift from Yredelemnul (a vampire)
 44345 | Vaults:5 | Noticed Boris
 44362 | Vaults:5 | Killed Boris
 44362 | Vaults:5 | Reached skill level 21 in Fighting
 44549 | Vaults:5 | Identified the Compendium of the Assistive Frostbite
 44563 | Vaults:5 | Found the +7 sceptre of Torment {pain, torment}
 44589 | Vaults:5 | Got a silver rune of Zot
 44704 | Vaults:5 | Received a gift from Yredelemnul (a flayed ghost)
 44732 | Vaults:5 | Found the +27 Lear's hauberk
 45173 | Vaults:5 | Identified the +5 trident of Jig Teri {protect, rPois MR-
                  | Dex+6 SInv} (You found it on level 5 of the Vaults)
 45506 | Depths:1 | Entered Level 1 of the Depths
 45578 | Depths:1 | Found Goagh's Food Shop.
 45587 | Depths:1 | Found a gateway to Hell.
 45642 | Depths:1 | Gained mutation: You are somewhat able to resist unholy
                  | torments (1 in 2 success). [demonic ancestry]
 45642 | Depths:1 | Reached XP level 22. HP: 194/194 MP: 36/36
 45719 | Depths:1 | Received a gift from Yredelemnul (a flayed ghost)
 46034 | Depths:1 | Found a one-way gate to the infinite horrors of the Abyss.
 46110 | Depths:1 | Identified the amulet "Kuki" {rC+++ MR- Regen+ Str+5 Int-3}
 46121 | Depths:1 | Received a gift from Yredelemnul (a profane servitor)
 46339 | Depths:2 | Reached skill level 10 in Dodging
 46350 | Depths:2 | Reached skill level 22 in Fighting
 46359 | Depths:2 | Found a snail-covered altar of Cheibriados.
 46384 | Depths:2 | Received a gift from Yredelemnul (a vampire knight)
 46421 | Depths:2 | Received a gift from Yredelemnul (a ghoul)
 46493 | Depths:2 | Got a faintly glowing steel ring
 46494 | Depths:2 | Identified the ring "Ytyxiej" {+Fly rElec MR+ Int-5 Slay+3}
                  | (You found it on level 2 of the Depths)
 46889 | Depths:2 | Found a hazy altar of Hepliaklqana.
 47353 | Depths:3 | Found a one-way gate leading to the halls of Pandemonium.
 47438 | Depths:3 | Noticed Mennas
 47736 | Depths:3 | Killed Mennas
 47736 | Depths:3 | Enslaved Mennas
 48420 | Depths:3 | Received a gift from Yredelemnul (a flayed ghost)
 48518 | Depths:4 | Found Gozag's Assorted Antiques.
 48529 | Depths:4 | Found Gozag's Assorted Antiques.
 48529 | Depths:4 | Found an opulent altar of Gozag.
 48529 | Depths:4 | Noticed a golden dragon
 48546 | Depths:4 | Found Gozag's Antique Weapon Shop.
 48652 | Depths:4 | Killed a golden dragon
 48786 | Depths:4 | Received a gift from Yredelemnul (a flayed ghost)
 48853 | Depths:4 | You fall into a shaft and drop 1 floor!
 48853 | Depths:5 | Entered Level 5 of the Depths
 48858 | Depths:5 | Found a gate to the Realm of Zot.
 48861 | Depths:5 | Noticed an ancient lich
 48868 | Depths:5 | Noticed a caustic shrike
 48904 | Depths:5 | Gained mutation: You are powered by pain. [demonic
                  | ancestry]
 48904 | Depths:5 | Reached XP level 23. HP: 205/205 MP: 37/37
 48927 | Depths:5 | Received a gift from Yredelemnul (a skeletal warrior)
 48936 | Depths:5 | Found a gateway to a ziggurat.
 48940 | Depths:5 | Reached skill level 23 in Fighting
 49007 | Depths:5 | Killed a caustic shrike
 49102 | Depths:5 | Received a gift from Yredelemnul (a vampire)
 49135 | Depths:5 | Noticed a caustic shrike
 49144 | Depths:5 | Killed a caustic shrike
 49144 | Depths:5 | Received a gift from Yredelemnul (a phantasmal warrior)
 49426 | Depths:5 | Received a gift from Yredelemnul (a ghoul)
 49569 | Depths:5 | Received a gift from Yredelemnul (a flayed ghost)
 49569 | Depths:5 | Killed an ancient lich
 49779 | Depths:5 | Identified the cursed +2 scimitar of the Spectre {freeze,
                  | *Slow Fragile Str+3 Dex+6}
 49818 | Depths:5 | Noticed a caustic shrike
 49824 | Depths:5 | Noticed a caustic shrike
 49825 | Depths:5 | Killed a caustic shrike
 49833 | Depths:5 | Received a gift from Yredelemnul (a ghoul)
 49835 | Depths:5 | Killed a caustic shrike
 49989 | Depths:5 | Identified the ring "Aleg" {rPois rN+}
 50159 | Zig:1    | Entered Level 1 of a ziggurat
 50258 | Zot:1    | Entered Level 1 of the Realm of Zot
 50498 | Zot:1    | Received a gift from Yredelemnul (a bone dragon)
 50822 | Zot:1    | Received a gift from Yredelemnul (a ghoul)
 51115 | Zot:2    | Reached skill level 24 in Fighting
 51183 | Zot:2    | Noticed an orb of fire
 51187 | Zot:2    | Gained mutation: You are clumsy. (Dex -2) [an orb of fire]
 51190 | Zot:2    | Your ally Mennas died
 51197 | Zot:2    | Killed from afar by a shadow dragon

Levels and vault maps discovered:
D:1:      lemuel_arrival_cross, layout_loops_ring
D:2:      layout_rooms, old_standard_altar, nicolae_overflow_crystal_walls,
          minmay_misc_feat_nine_boxes, hangedman_decor_clover_reticule
D:3:      layout_loops_corners, vehumet_crystals, gammafunk_ghost_necromancy,
          first_ration, uniq_sigmund
D:4:      layout_cave_pools, bloody_trog, minmay_temple_entry_gardened_gates,
          uniq_natasha
D:5:      layout_basic, marbit_many_paths
D:6:      layout_loops_ring, kennysheep_mini, eat_drink_and_be_merry_uskayaw,
          uniq_duvessa, uniq_edmund
D:7:      layout_rooms, lemuel_round_altar, serial_park_tiny_2, kennysheep_nub,
          the_bakery, uniq_prince_ribbit1
D:8:      layout_basic, old_standard_altar, lair_entry_dummy, uniq_grum
D:9:      layout_basic, hiddenorc2_lemuel, kennysheep_small_spiral
D:10:     layout_cross, gammafunk_ghost_stat_death, uniq_snorg, uniq_urug
D:11:     layout_irregular_city, minmay_misc_feat_hallway, uniq_erica
D:12:     layout_roguey
D:13:     layout_basic
D:14:     layout_gridville, hangedman_vaults_entry_quadrant_bands,
          minmay_misc_feat_diagonals, enter_bailey_6
D:15:     hangedman_depths_entry_civil_slaughter, layout_basic,
          kennysheep_pointless_box
Temple:   nicolae_temple_figure_eight
Lair:1:   layout_gridlike, st_stairs_7, serial_bayou_shore_a,
          serial_bayou_shore_b, lemuel_fruit_tree
Lair:2:   layout_roguey, minmay_shoals_entry_centaurs,
          spider_nest_entry_web_field, zaba_anthole
Lair:3:   layout_regular_city, wad_woods_01, grunt_megastairs_5,
          infiniplex_staircase_pool_2
Lair:4:   layout_hall_layers, portal_ice_cave_rime, uniq_kirke, uniq_sonja
Lair:5:   layout_roguey, slime_altar_1, basic_altar, dpeg_oklob_1
Lair:6:   wormcave, layout_long_grid, hangedman_lair_caniforms_friends
Shoals:1: layout_shoals
Shoals:2: layout_shoals, nicolae_shoals_so_close, uniq_nikola
Shoals:3: cheibrodos_shoals_satyrical_garden, layout_shoals, serial_shops, shop
Shoals:4: shoals_end_grunt_garden, layout_shoals, nicolae_shoals_water_shrine
Spider:1: layout_spider_delve, uniq_rupert, uniq_aizul, uniq_jorgrun
Spider:2: layout_spider_delve, uniq_arachne, uniq_donald
Spider:3: spider_temple_joshua, nicolae_spider_circle_web
Spider:4: spider_rune_water, hangedman_spider_tarantella_strand
Orc:1:    layout_caves, minmay_orc_temple_c
Orc:2:    grunt_orc_gardens, layout_caves, grunt_orc_garden, grunt_orc_garden,
          grunt_orc_garden, grunt_orc_garden, basic_altar,
          biasface_ghost_orc_armoury, elves_outpost_lemuel, uniq_azrael,
          uniq_erolcha
Elf:1:    eino_elf_arrival_customs, layout_loops_corners,
          hangedman_elf_represent, st_stairs_14, minmay_shop_mass
Elf:2:    layout_rooms, serial_shops, shop_coins, shop, shop, sword_in_stone
Elf:3:    minmay_elf_hall_furrowed, layout_onion_city, serial_shops,
          nicolae_shop_statue_plus
Vaults:1: v_misc_3, vaults_room_hangedman_quadrants, hangedman_vaults_stream,
          ontoclasm_vaults_bender, ontoclasm_vaults_ring_large,
          vaults_room_large_hall, v_misc_27, vaults_room_pools,
          layout_vaults_chaotic_city, serial_shops, bzr_in_the_mist
Vaults:2: v_misc_28, vaults_room_door_hall, minmay_crypt_entry_simple_round,
          hangedman_vaults_impose, nicolae_vaults_little_squares_2,
          vaults_mumra_lcd, layout_vaults_omnigrid, uniq_mara
Vaults:3: nicolae_vaults_network_quinsquares
          [nicolae_vaults_network_quincunx_subvault,
          nicolae_vaults_network_quincunx_subvault,
          nicolae_vaults_network_quincunx_subvault,
          nicolae_vaults_network_quincunx_subvault],
          nicolae_vaults_lopsided_apartments, vaults_room_corners,
          nicolae_vaults_angled_halls, grunt_vaults_hallway_long,
          vaults_standard_mumra_lines, v_pattern_4, v_misc_11,
          hangedman_vaults_locks, nicolae_vaults_shelves_hall,
          grunt_vaults_hallway_short, nicolae_vaults_hallways_thing,
          layout_vaults_omnibox
Vaults:4: v_misc_28, hangedman_vaults_trim, vaults_dpeg_ring,
          hangedman_vaults_nodes, v_misc_23, nicolae_vaults_theta,
          nicolae_vaults_network_s, st_squares, vaults_room_stairs_pillars,
          grunt_vaults_funnel, layout_vaults_omnicross, serial_shops,
          nicolae_shop_statue_plus, uniq_jory, uniq_frederick
Vaults:5: uniq_boris
Depths:1: layout_cave_pools, serial_shops, kennysheep_little_box, hell_entry,
          abyss_entry, minmay_misc_feat_alley, statue_in_the_mist_lemuel,
          horrible_house_mu, firewood_loft
Depths:2: kennysheep_scales, layout_cave_pools, kennysheep_flooded_box,
          hell_entry, chequers_hall_statues_y, cheibriados_altar_1
Depths:3: cheibrodos_poisonous_passages, layout_cave_shapes, hell_entry,
          grunt_pan_entry_zigzag, uniq_mennas
Depths:4: kennysheep_gozag_temple, layout_cave_pools,
          nicolae_abyss_entry_one_way_or_another, lightli_too_deep,
          serial_sigils_hangedman_snap, minmay_staircase_bubble
Depths:5: hangedman_pleasuredromes, hell_entry, abyss_entry
Zot:1:    lemuel_draconian_sentries_small, layout_gridlike
Zot:2:    grunt_deathspiral_small, layout_cathedral_of_symmetry

Skill      XL: |  1  2  3  4  5  6  7  8  9 10 11 12 13 14 15 16 17 18 19 20 21 22 23 |
---------------+----------------------------------------------------------------------+-----
Polearms       | 3 4 5 7 9 11 12 13 14 16 17 19 20 | 20.0
Dodging        | 3 4 5 8 9 11 12 | 12.5
Armour         | 1 2 4 7 9 10 11 13 15 16 | 16.5
Fighting       | 4 5 8 10 11 14 15 16 17 18 21 22 24 | 24.0
Invocations    | 4 9 10 12 15 17 19 20 | 20.0
Stealth        | |  1.8

Action                   |  1- 3 |  4- 6 |  7- 9 | 10-12 | 13-15 | 16-18 | 19-21 | 22-24 || total
-------------------------+-------+-------+-------+-------+-------+-------+-------+-------++-------
Melee: Spear             |    88 |   223 |    88 |       |       |       |       |       ||   399
       Kick              |       |    34 |    45 |    12 |    98 |   216 |   344 |   262 ||  1011
       Halberd           |       |       |   134 |   477 |   826 |       |       |       ||  1437
       Glaive            |       |       |       |       |   112 |   730 |   844 |   613 ||  2299
Invok: Animate Remains   |       |       |    18 |       |       |       |       |       ||    18
       Animate Dead      |       |       |    10 |    34 |    61 |    34 |    33 |    35 ||   207
       Drain Life        |       |       |       |     2 |     4 |     9 |    20 |    10 ||    45
       Recall Undead Sla |       |       |       |     1 |     4 |     6 |     2 |     3 ||    16
       Stop Recall       |       |       |       |       |       |     2 |     1 |     2 ||     5
       Enslave Soul      |       |       |       |       |       |     1 |       |     1 ||     2
Evoke: Wand              |       |       |       |       |       |     1 |     1 |     2 ||     4
  Use: Scroll            |       |     3 |     6 |     6 |    14 |     6 |    17 |     4 ||    56
       Potion            |       |       |       |     3 |       |     1 |       |     8 ||    12
 Stab: Sleeping          |     2 |     3 |     2 |    18 |     2 |    31 |    43 |    11 ||   112
       Distracted        |     1 |       |     1 |    11 |    31 |    25 |    28 |    21 ||   118
       Paralysed         |       |       |       |       |       |     6 |       |       ||     6
       Confused          |       |       |       |       |       |       |       |     9 ||     9
  Eat: Chunk             |     2 |     6 |    17 |    44 |    50 |    55 |    22 |     9 ||   205
       Ration            |       |     1 |     1 |       |       |       |     4 |     7 ||    13
Armor: Robe              |     1 |       |       |       |       |       |       |       ||     1
       Ring mail         |    26 |    51 |    59 |    56 |       |       |       |       ||   192
       Troll leather arm |       |       |       |    55 |       |       |       |       ||    55
       Chain mail        |       |       |       |    32 |   322 |   322 |   151 |   152 ||   979
Dodge: Dodged            |    27 |    65 |   108 |   289 |   390 |   427 |   248 |   332 ||  1886
Block: Other             |       |       |       |       |       |       |    84 |    95 ||   179
       Reflection        |       |       |       |       |       |       |    14 |    14 ||    28

Table legend:
 A = Non-vault XP
 B = Vault XP
 C = Vault XP percentage of total XP
 D = Non-vault monster count
 E = Vault monster count
 F = Vault count percentage of total count
                 A         B        C        D         E       F
            +---------+---------+-------+---------+---------+-------
      Total |  495570 |  473440 |  48.9 |    1580 |     805 |  33.8
            +---------+---------+-------+---------+---------+-------
        D:1 |      33 |       0 |   0.0 |      15 |       0 |   0.0
        D:2 |     120 |       0 |   0.0 |      20 |       0 |   0.0
        D:3 |     119 |     526 |  81.6 |      25 |       5 |  16.7
        D:4 |     216 |      35 |  13.9 |      12 |       1 |   7.7
        D:5 |     694 |       2 |   0.3 |      17 |       1 |   5.6
        D:6 |     789 |     375 |  32.2 |      26 |       3 |  10.3
        D:7 |     913 |     477 |  34.3 |      17 |       2 |  10.5
        D:8 |     616 |     525 |  46.0 |      14 |       4 |  22.2
        D:9 |    4273 |    1526 |  26.3 |      34 |      33 |  49.3
       D:10 |    2216 |     827 |  27.2 |      10 |       1 |   9.1
       D:11 |    3452 |     763 |  18.1 |      40 |       1 |   2.4
       D:12 |    6883 |       0 |   0.0 |      51 |       0 |   0.0
       D:13 |    7230 |       0 |   0.0 |      42 |       0 |   0.0
       D:14 |    6629 |    2633 |  28.4 |      29 |      16 |  35.6
       D:15 |    8983 |    3015 |  25.1 |      39 |       6 |  13.3
     Lair:1 |    5781 |     151 |   2.5 |      30 |       1 |   3.2
     Lair:2 |    4068 |     542 |  11.8 |      28 |       9 |  24.3
     Lair:3 |    4189 |    1480 |  26.1 |      19 |       9 |  32.1
     Lair:4 |    6555 |    3509 |  34.9 |      33 |       9 |  21.4
     Lair:5 |   11830 |    1146 |   8.8 |      39 |       4 |   9.3
     Lair:6 |    7424 |   12664 |  63.0 |      30 |      74 |  71.2
   Shoals:1 |   10025 |       0 |   0.0 |      41 |       0 |   0.0
   Shoals:2 |   11070 |    2221 |  16.7 |      30 |       2 |   6.2
   Shoals:3 |   11605 |    2162 |  15.7 |      36 |       6 |  14.3
   Shoals:4 |   15417 |   13659 |  47.0 |      48 |      37 |  43.5
   Spider:1 |   12938 |    4323 |  25.0 |      48 |       3 |   5.9
   Spider:2 |   10156 |    3389 |  25.0 |      46 |       2 |   4.2
   Spider:3 |   16008 |   10061 |  38.6 |      77 |      27 |  26.0
   Spider:4 |   14391 |   16444 |  53.3 |      65 |      44 |  40.4
      Orc:1 |     198 |    1614 |  89.1 |       6 |      23 |  79.3
      Orc:2 |    5504 |   15859 |  74.2 |      53 |      60 |  53.1
      Elf:1 |   13925 |    8008 |  36.5 |      25 |      13 |  34.2
      Elf:2 |   15981 |   23641 |  59.7 |      32 |      34 |  51.5
      Elf:3 |   16763 |   28925 |  63.3 |      32 |      27 |  45.8
   Vaults:1 |   18908 |    6846 |  26.6 |      43 |      13 |  23.2
   Vaults:2 |   22334 |    7351 |  24.8 |      54 |      11 |  16.9
   Vaults:3 |   33836 |   18003 |  34.7 |      70 |      33 |  32.0
   Vaults:4 |   21559 |   37361 |  63.4 |      55 |      40 |  42.1
   Vaults:5 |   22702 |  108181 |  82.7 |      37 |     102 |  73.4
   Depths:1 |   32244 |    4221 |  11.6 |      57 |       8 |  12.3
   Depths:2 |   32067 |    6903 |  17.7 |      54 |       6 |  10.0
   Depths:3 |   17550 |   13397 |  43.3 |      32 |      20 |  38.5
   Depths:4 |   20854 |   11238 |  35.0 |      29 |       9 |  23.7
   Depths:5 |    2445 |   90155 |  97.4 |       6 |      93 |  93.9
      Zot:1 |   24337 |    3517 |  12.6 |      24 |       3 |  11.1
      Zot:2 |    9085 |       0 |   0.0 |       8 |       0 |   0.0
      Zig:1 |     655 |       0 |   0.0 |       2 |       0 |   0.0
     Bailey |       0 |    5765 | 100.0 |       0 |      10 | 100.0
            +---------+---------+-------+---------+---------+-------
